 Dungeon Crawl Stone Soup version 0.18.1-48-g4cf74bf (webtiles) character file.

1640 Lennu the Ducker (level 8, -1/66 HPs)
             Began as a Purple Draconian Air Elementalist on June 29, 2016.
             Slain by a giant frog (2 damage)
             ... on level 7 of the Dungeon.
             The game lasted 00:36:19 (5837 turns).

Lennu the Ducker (DrAE)                             Turns: 5837, Time: 00:36:19

Health: -1/66      AC:  8    Str: 10    XL:     8   Next: 66%
Magic:  7/13       EV: 15    Int: 18    God:
Gold:   420        SH:  0    Dex: 12    Spells: 3 memorised, 6 levels left

rFire  . . .     SeeInvis .     G - +2 dire flail (drain)
rCold  . . .     Gourm    .     (armour unavailable)
rNeg   . . .     Faith    .     (shield currently unavailable)
rPois  .         Spirit   .     r - +0 hat
rElec  .         Dismiss  .     (no cloak)
rCorr  .         Reflect  .     (no gloves)
SustAt .         Harm     .     J - +1 pair of boots
MR     ++...                    (no amulet)
Stlth  ++........               (no ring)
                                I - ring of protection from magic

@: exhausted, sluggish, very slightly contaminated, very slow, very resistant to
hostile enchantments, unstealthy
A: breathe power, unfitting armour, cold-blooded, AC +6
a: Breathe Dispelling Energy


You were on level 7 of the Dungeon.
You were not hungry.

You visited 1 branch of the dungeon, and saw 7 of its levels.

You collected 420 gold pieces.

Inventory:

Hand Weapons
 n - a +0 dagger of flaming
 t - a +0 flail
 u - a +0 great mace
 G - a +2 dire flail of draining (weapon)
Missiles
 f - 6 javelins of returning
 j - 4 javelins (quivered)
Armour
 r - a +0 hat (worn)
 J - a +1 pair of boots (worn)
Jewellery
 I - a ring of protection from magic (left hand)
Wands
 x - a wand of digging (10/24)
 C - a wand of iceblast (8/15)
 F - a wand of polymorph (12/24)
 L - a wand of polymorph (10/24)
 M - a wand of iceblast (8/15)
Scrolls
 d - 2 scrolls of teleportation {unknown}
 e - 7 scrolls of identify
 h - 2 scrolls of magic mapping
 i - a scroll of enchant weapon
 l - a scroll of holy word {unknown}
 m - a scroll of random uselessness
 y - a scroll of blinking
 A - a scroll of enchant armour
 N - a scroll of recharging
Potions
 c - a potion of brilliance {unknown}
 k - a potion of cure mutation
 o - a potion of invisibility {unknown}
 p - a potion of might {unknown}
 s - a potion of haste {unknown}
 w - a potion of magic {unknown}
 B - a potion of lignification {unknown}
 D - a potion of agility
 H - a potion of heal wounds {unknown}
 K - a potion of berserk rage
 O - a potion of curing {unknown}
Books
 a - a book of Air

   Spells                             Type                      Level
   a - Shock                          Conjuration/Air              1
   b - Swiftness                      Charms/Air                   2
   c - Repel Missiles                 Charms/Air                   2
   d - Static Discharge               Conjuration/Air              3
   e - Lightning Bolt                 Conjuration/Air              5
Comestibles
 b - 6 bread rations
 g - 2 slices of pizza
 q - a meat ration
 v - a royal jelly
 z - 3 fruits
 E - 2 beef jerkies
 Q - 5 chunks of flesh


   Skills:
 * Level 4.2 Fighting
 * Level 3.5 Maces & Flails
 * Level 6.5 Dodging
 - Level 1.7 Stealth
 + Level 3.5 Spellcasting
 * Level 3.3 Conjurations
 * Level 2.1 Charms
 * Level 5.2 Air Magic


You had 6 spell levels left.
You knew the following spells:

 Your Spells              Type           Power        Failure   Level  Hunger
a - Shock                 Conj/Air       ###.         2%          1    None
b - Swiftness             Chrm/Air       ###.....     6%          2    ##.....
c - Lightning Bolt        Conj/Air       ###.......   78%         5    ######.


Dungeon Overview and Level Annotations

Branches:
Dungeon (7/15)             Temple (0/1) D:7

Altars:
Ashenzari
Elyvilon
Makhleb
Nemelex Xobeh
Pakellas
Trog
Yredelemnul


Innate Abilities, Weirdness & Mutations

You can breathe bolts of dispelling energy.
Your rich purple scales are hard (AC +6).
Your body does not fit into most forms of armour.
You are cold-blooded and may be slowed by cold attacks.


Message History

The worker ant bites you but does no damage.
The giant frog closely misses you. The giant frog hits you.
* * * LOW HITPOINT WARNING * * *
You feel sluggish.
You feel yourself speed up. The giant frog barely misses you.
Read which item? (? for menu, Esc to quit)
Blink to where?
Press: ? - help, Dir - move target cursor, p - giant frog
As you read the scroll of blinking, it crumbles to dust.
You start to feel a little faster.
You feel a little less agile now. The giant frog hits you.
* * * LOW HITPOINT WARNING * * *
The worker ant waves its antennae.
The giant frog hits you but does no damage.
You hit the giant frog.
The giant frog is almost dead.
The giant frog hits you.
You die...

........##..#.# ##.#.......#.
........##.##.# ####....._.....
........##.##.#####....#.......#.
.......................#.......#.
...<...[##.#.#..##.....##.....##.
........##.#.##.##.a...####.####.
........#..#.##..................
..........##.###.F......#.#..###.
#####...........@.........#.## ##
##......>.#.##...........#.#
##..#......#.##..............#
...##........................#
#####......#..............#....
....#...............<.....#....
.............................##
..........#...............##.
#...........#.............# .#


You could see a giant frog and a worker ant.

Vanquished Creatures
  A hippogriff (D:7)
  Edmund (D:4)
  A phantom (D:7)
  2 sky beasts
  5 giant frogs
  A water moccasin skeleton (D:7)
  A scorpion (D:4)
  5 wights (D:7)
  A howler monkey (D:5)
  2 hounds
  2 jellies
  2 orc priests
  An orc wizard (D:4)
  4 worker ants
  A hound skeleton (D:5)
  A howler monkey skeleton (D:4)
  2 adders
  2 shadow imps
  An ooze (D:3)
  2 adder skeletons
  2 worms
  A dart slug (D:2)
  5 giant geckos
  18 orcs
  6 giant cockroaches
  8 goblins
  5 hobgoblins
  11 jackals
  3 quokkas
  6 bats
  2 giant newts
  A jackal skeleton (D:5)
  6 kobolds
  7 rats
119 creatures vanquished.

Notes
Turn   | Place    | Note
--------------------------------------------------------------
     0 | D:1      | Lennu the Draconian Air Elementalist began the quest for the Orb.
     0 | D:1      | Reached XP level 1. HP: 14/14 MP: 3/3
   248 | D:1      | Reached skill level 2 in Dodging
   248 | D:1      | Reached XP level 2. HP: 20/20 MP: 5/5
   923 | D:2      | Reached XP level 3. HP: 27/27 MP: 4/6
   996 | D:2      | Found a basalt altar of Yredelemnul.
  1084 | D:2      | You fall through a shaft!
  1472 | D:3      | Reached skill level 3 in Dodging
  1472 | D:3      | Reached XP level 4. HP: 34/34 MP: 1/7
  1806 | D:3      | Found a shattered altar of Ashenzari.
  1983 | D:4      | Found a sparkling altar of Nemelex Xobeh.
  1986 | D:4      | Found a burning altar of Makhleb.
  1989 | D:4      | Found an oddly glowing altar of Pakellas.
  1992 | D:4      | Found a bloodstained altar of Trog.
  2043 | D:4      | Reached skill level 1 in Fighting
  2043 | D:4      | Reached skill level 1 in Maces & Flails
  2129 | D:4      | Reached XP level 5. HP: 40/40 MP: 4/8
  2657 | D:4      | Noticed Edmund
  2673 | D:4      | Killed Edmund
  2673 | D:4      | Reached skill level 4 in Dodging
  2673 | D:4      | Reached XP level 6. HP: 48/48 MP: 9/9
  2777 | D:4      | Learned a level 2 spell: Swiftness
  2882 | D:5      | Entered Level 5 of the Dungeon
  3157 | D:5      | Noticed a sky beast
  3199 | D:5      | Killed a sky beast
  3199 | D:5      | Your scales start taking on a rich purple colour.
  3199 | D:5      | Reached XP level 7. HP: 20/56 MP: 11/11
  3606 | D:5      | Reached skill level 5 in Dodging
  5082 | D:6      | Reached XP level 8. HP: 34/66 MP: 12/12
  5382 | D:7      | Reached skill level 1 in Charms
  5413 | D:7      | Reached skill level 6 in Dodging
  5575 | D:7      | Reached skill level 5 in Air Magic
  5583 | D:7      | Learned a level 5 spell: Lightning Bolt
  5631 | D:7      | Found a staircase to the Ecumenical Temple.
  5746 | D:7      | Found a white marble altar of Elyvilon.
  5829 | D:7      | HP: 3/66 [giant frog (3)]
  5836 | D:7      | HP: 1/66 [giant frog (4)]
  5837 | D:7      | Slain by a giant frog

Skill      XL: |  1  2  3  4  5  6  7  8 |
---------------+-------------------------+-----
Dodging        | 2 3 4 5 6 |  6.5
Fighting       | 1 2 3 4 |  4.2
Maces & Flails | 1 2 3 |  3.5
Conjurations   | 2 3 |  3.3
Air Magic      | 4 5 |  5.2
Spellcasting   | 3 |  3.5
Charms         | 2 |  2.1
Stealth        | |  1.7

Action                   |  1- 3 |  4- 6 |  7- 9 || total
-------------------------+-------+-------+-------++-------
Melee: Dagger            |    90 |       |       ||    90
       Unarmed           |     7 |     8 |       ||    15
       Tailslap          |     8 |     4 |    12 ||    24
       Spear             |    15 |       |       ||    15
       Flail             |       |    50 |       ||    50
       Dire flail        |       |    36 |   122 ||   158
Throw: Javelin           |       |     2 |     5 ||     7
 Cast: Shock             |    29 |    29 |    48 ||   106
       Swiftness         |       |     1 |     3 ||     4
 Abil: Breathe Dispellin |       |       |    11 ||    11
  Use: Scroll            |       |       |    11 ||    11
       Potion            |       |       |     4 ||     4
 Stab: Sleeping          |     4 |       |     1 ||     5
       Confused          |       |     1 |       ||     1
  Eat: Chunk             |     2 |     2 |     7 ||    11
       Bread ration      |       |     1 |     1 ||     2
Armor: Skin              |    37 |    28 |    56 ||   121
Dodge: Dodged            |   114 |    78 |   139 ||   331
